 Dungeon Crawl Stone Soup version 0.28-a0-724-g66f9036eb4 (webtiles) character file.

Game seed: 12172740314174294885

112 KoroneIsBestGirl the Poker (level 4, 0/24 HPs)
             Began as a Vine Stalker Berserker on Oct 25, 2021.
             Was a Believer of Trog.
             Slain by an endoplasm (2 damage)
             ... while paralysed by Grinder
             ... on level 3 of the Dungeon on Oct 26, 2021.
             The game lasted 00:03:01 (2085 turns).

KoroneIsBestGirl the Poker (Vine Stalker Berserker) Turns: 2085, Time: 00:03:01

Health: 0/24       AC:  0    Str: 21    XL:     4   Next: 95%
Magic:  0/5        EV:  5    Int:  7    God:    Trog [**....]
Gold:   102        SH:  0    Dex: 18    Spells: 3/3 levels left

rFire   . . .      SeeInvis .   (weapon currently unavailable)
rCold   . . .      Faith    .   (shield currently unavailable)
rNeg    . . .      Spirit   +   (armour currently unavailable)
rPois   .          Reflect  .   (helmet currently unavailable)
rElec   .          Harm     .   (cloak currently unavailable)
rCorr   .          Rampage  .   (gloves currently unavailable)
Will    .....                   (boots currently unavailable)
Stlth   ++........              (no amulet)
HPRegen 1.08/turn               (ring currently unavailable)
MPRegen 0.09/turn               (ring currently unavailable)

@: paralysed, bat-form, flying, very quick
A: fast, flying, no casting, tiny, (fangs 2), regeneration 1, magic shield,
(antimagic bite), no potion heal 2
a: Renounce Religion, Berserk, Trog's Hand


You were on level 3 of the Dungeon.
You worshipped Trog.
Trog was pleased with you.
You were a bat.
You visited 1 branch of the dungeon, and saw 3 of its levels.

You collected 102 gold pieces.

Inventory:

Hand Weapons
 a - a +0 spear (melded)
Armour
 b - a +0 animal skin (melded)
Scrolls
 c - 2 scrolls of magic mapping {unknown}
 d - a scroll of summoning {unknown}
 e - a scroll of teleportation {unknown}
 i - a scroll of acquirement {unknown}
 j - a scroll of brand weapon {unknown}
Potions
 f - a potion of curing {unknown}
 g - a potion of flight {unknown}
 h - a potion of lignification {unknown}


   Skills:
 + Level 3.3 Fighting
 * Level 3.5 Polearms
 + Level 2.3 Armour
 + Level 2.3 Dodging


You had 3 spell levels left.
You didn't know any spells.
Your spell library was empty.

Dungeon Overview and Level Annotations

Branches:
Dungeon (3/15)

Altars:

Annotations:
D:3 Grinder


Innate Abilities, Weirdness & Mutations

You are a bat.
You are tiny and dextrous.
You move quickly.
You are flying.
Your equipment is almost entirely melded.
You are incapable of wielding weapons or throwing items.
You cannot cast spells.
((You have extremely sharp teeth.))
Your natural rate of healing is unusually fast.
When hurt, damage is shared between your health and your magic reserves.
((Your bite disrupts and absorbs the magic of your enemies.))
Potions cannot restore your health.


Message History

Done exploring.
There is an open door here.
You open the door.
There is an open door here.
There is a stone staircase leading down here.
You climb downwards.
Found a runed whip.
There is a stone staircase leading up here.
Grinder comes into view.
She is carrying a wand of polymorph (12).
Found a stone staircase leading down.
Grinder shouts!
Grinder zaps a wand.
You resist with some effort.
You reach to attack!
You barely miss Grinder. You closely miss Grinder. Grinder hits you!
You hit Grinder.
Grinder is lightly wounded.
Grinder says, "Just stop there for a second..."
Grinder zaps a wand.
You turn into a bat.
Your +0 spear melds into your body.
Your +0 animal skin melds into your body.
You hit Grinder but do no damage.
Grinder is lightly wounded.
The endoplasm freezes you.
You are frozen.
Grinder hits you.
You hit Grinder.
Grinder is lightly wounded.
The endoplasm misses you. Grinder gestures at you.
You suddenly lose the ability to move!
The endoplasm freezes you.
You are frozen.
Grinder gestures at you.
You struggle to resist.
The endoplasm hits you. Grinder hits you.
You writhe in agony.
The endoplasm freezes you.
You are frozen.
Grinder hits you!
* * * LOW HITPOINT WARNING * * *
You writhe in agony.
* * * LOW HITPOINT WARNING * * *
The endoplasm hits you.
You die...

... ... .... .....
########.....
##.....#......
##......J...... .
#......b5......
...##..............
...................
..##..<...........
#..........>...
##.............
.)......#...#..
###.###.#####.#. #.
..# ..


You could see Grinder and an endoplasm.

Vanquished Creatures
  A hound (D:2)
  2 adders (D:2)
  2 worms (D:2)
  3 dart slugs
  6 ball pythons
  3 endoplasms (D:1)
  3 giant cockroaches (D:1)
  5 goblins
  4 hobgoblins
  2 jackals (D:1)
  4 kobolds
  6 quokkas
  3 bats
  3 frilled lizards (D:1)
  6 rats
53 creatures vanquished.

Vanquished Creatures (others)
  A plant (D:1)
1 creature vanquished.

Grand Total: 54 creatures vanquished

Notes
Turn   | Place    | Note
-------+----------+-------------------------------------------
     0 | D:1      | KoroneIsBestGirl the Vine Stalker Berserker began the quest
                  | for the Orb.
     0 | D:1      | Reached XP level 1. HP: 11/11 MP: 2/2
    30 | D:1      | Reached XP level 2. HP: 10/16 MP: 1/3
   396 | D:1      | Reached XP level 3. HP: 16/20 MP: 4/4
   772 | D:1      | Reached ** piety under Trog
  1201 | D:1      | Upgraded the game from 0.28-a0-723-g095bd1b44f to
                  | 0.28-a0-724-g66f9036eb4
  1263 | D:2      | Gained mutation: Your natural rate of healing is unusually
                  | fast. [Vine Stalker growth]
  1263 | D:2      | Reached XP level 4. HP: 22/24 MP: 5/5
  1577 | D:2      | Found a faded altar of an unknown god.
  2073 | D:3      | Noticed Grinder
  2081 | D:3      | Paralysed by Grinder for 7 turns
  2084 | D:3      | HP: 1/24 [Grinder (3)]
  2085 | D:3      | Slain by an endoplasm

Illustrated notes

Levels and vault maps discovered:
D:1:      nzn_arrival_crosshair, layout_basic, serial_forest,
          infiniplex_forest_diagonal, infiniplex_forest_straight_3,
          infiniplex_forest_3_way, infiniplex_forest_lined_room_2,
          infiniplex_forest_lined_corner
D:2:      layout_loops_corners, basic_ecumenical_altar
D:3:      layout_rooms, chequers_serial_rivers_micro_d, st_stairs_12,
          minivault_26, minmay_cut_off, uniq_ijyb, uniq_grinder

Skill      XL: |  1  2  3 |
---------------+----------+-----
Fighting       | 3 |  3.3
Polearms       | 3 |  3.5
Dodging        | 2 |  2.3
Armour         | 2 |  2.3

Action                   |  1- 3 |  4- 6 || total
-------------------------+-------+-------++-------
Melee: Spear             |    84 |    52 ||   136
       Bite              |    19 |    12 ||    31
       Unarmed           |       |     2 ||     2
 Stab: Sleeping          |     2 |       ||     2
Armor: Animal skin       |     5 |     2 ||     7
Dodge: Dodged            |    32 |    17 ||    49

Table legend: (Time is in decaauts)
 A = Elapsed time spent in this place.
 B = Non-inter-level travel time spent in this place.
 C = Inter-level travel time spent in this place.
 D = Time resting spent in this place.
 E = Time spent auto-exploring this place.
 F = Levels seen in this place.
 G = Mean time per level.
                   A        B        C        D        E       F      G
               +--------+--------+--------+--------+--------+-----+--------+
         Total |   2076 |   1933 |    143 |      0 |   1658 |   3 |  692.0 |
       Dungeon |   2076 |   1933 |    143 |      0 |   1658 |   3 |  692.0 |
               +--------+--------+--------+--------+--------+-----+--------+

Top non-repeatable levels by time:
     D:1: 1211 daAuts
     D:2: 852 daAuts
     D:3: 12 daAuts
